 Dungeon Crawl Stone Soup version 0.31-a0-859-g9dce7d3444 (webtiles) character file.

Game seed: 4884439668975256284

77 TheGamechu the Trooper (level 4, -10/40 HPs)
             Began as a Draconian Fighter on Oct 9, 2023.
             Was a Believer of Cheibriados.
             Killed by divine providence
             ... invoked by an orc priest
              (13 damage)
             ... on level 3 of the Dungeon.
             The game lasted 00:04:20 (1752 turns).

TheGamechu the Trooper (Draconian Fighter)          Turns: 1752, Time: 00:04:22

Health: -10/40     AC:  5    Str: 24    XL:     4   Next: 14%
Magic:  4/4        EV: 13    Int: 15    God:    Cheibriados [**....]
Gold:   99         SH:  0    Dex: 18    Spells: 3/3 levels left

rFire   . . .        a - +0 trident
rCold   . . .        b - +0 buckler
rNeg    . . .        (body armour unavailable)
rPois   .            (helmet restricted)
rElec   .            (no cloak)
rCorr   .            (no gloves)
SInv    .            (no boots)
Will    .....        (no amulet)
Stlth   +            (no ring)
HPRegen 0.26/turn    (no ring)
MPRegen 0.09/turn

%: no passive effects
@: confused, very slow
A: AC +5, unfitting armour, cold-blooded
a: Renounce Religion, Bend Time


You were on level 3 of the Dungeon.
You worshipped Cheibriados.
Cheibriados was pleased with you.
You visited 1 branch of the dungeon, and saw 3 of its levels.

You collected 99 gold pieces.

Inventory:

Hand Weapons
 a - a +0 trident (weapon)
Missiles
 d - 22 stones
Armour
 b - a +0 buckler (worn)
Jewellery
 j - a +5 ring of evasion
Wands
 i - a wand of iceblast (6)
Scrolls
 h - a scroll of enchant weapon {unknown}
 l - 3 scrolls of identify {unknown}
Potions
 c - a potion of might
 e - a potion of attraction {unknown}
 f - 3 potions of heal wounds {unknown}
 g - 2 potions of curing {unknown}
 k - 3 potions of cancellation {unknown}


   Skills:
 + Level 4.0 Fighting
 + Level 2.7 Polearms
 + Level 3.2 Dodging
 + Level 3.5 Shields
 + Level 0.0 Invocations


You had 3 spell levels left.
You didn't know any spells.
Your spell library contained the following spells:

 Spells                   Type           Power      Damage    Failure   Level
 Kiss of Death            Conj/Necr      0%         2d5       32%         1
 Confusing Touch          Hex            0%         N/A       67%         3
 Dispel Undead            Necr           0%         3d6       97%         4


Dungeon Overview and Level Annotations

Branches:
Dungeon (3/15)

Altars:
Cheibriados


Innate Abilities, Weirdness & Mutations

Your plain brown scales are hard. (AC +5)
You cannot fit into any form of body armour.
You are cold-blooded and may be slowed by cold attacks.


Message History

You hear a shout!
You are too injured to fight recklessly!
You are too injured to fight recklessly!
Unknown command.
You are too injured to fight recklessly!
You closely miss the orc priest.
You hear a shout!
The orc priest looks satisfied for a moment.
The orc wizard casts a spell at you.
You are more confused.
An orc comes into view. It is wielding a +0 whip.
The orc priest calls down the wrath of Beogh upon you.
Pain shoots through your body!
* * * LOW HITPOINT WARNING * * *
The orc priest hits you with a +0 falchion.
* * * LOW HITPOINT WARNING * * *
The orc moves out of view.
You barely miss the orc priest.
The orc priest hits you but does no damage.
You closely miss the orc.
The orc wizard mumbles some strange words.
The orc wizard flickers and vanishes!
Deactivating autopickup; reactivate with Ctrl-A.
The orc hits you but does no damage.
The orc priest hits you but does no damage.
You hear a shout!
You barely miss the orc priest.
You bump into the rock wall.
The orc priest closely misses you.
You bump into the rock wall.
Something hits you.
* * * LOW HITPOINT WARNING * * *
The orc hits you with a +0 short sword.
* * * LOW HITPOINT WARNING * * *
The orc priest looks braver for a moment.
You bump into the rock wall.
Something hits you but does no damage. The orc hits you with a +0 short sword.
* * * LOW HITPOINT WARNING * * *
A goblin comes into view. It is wielding a +0 club.
The orc priest invokes the aid of Beogh against you.
Beogh smites you!
You die...

#..........#.......
#..........#.......
#........##.#..#.#
#...............#
#.........#
#.....###.##
#.....###..#
#......###.##
#.......##@o#
#.#####...#o# #.#
###.oo# ##.#
##..g.....# #..#
....#..o.o. #<##
...........oo #.#
......... ..... ###
#######.....###
.##. #.


You could see an orc priest, an orc wizard, an orc and a goblin.

Vanquished Creatures
  3 gnolls (D:2)
  A worm (D:2)
  3 endoplasms
  2 giant cockroaches
  8 goblins
  7 hobgoblins
  A jackal (D:2)
  A quokka (D:1)
  4 ball pythons
  7 bats
  3 frilled lizards
  A kobold (D:1)
  A rat (D:2)
42 creatures vanquished.

Notes
Turn   | Place    | Note
-------+----------+-------------------------------------------
     0 | D:1      | TheGamechu the Draconian Fighter began the quest for the
                  | Orb.
     0 | D:1      | Reached XP level 1. HP: 19/19 MP: 1/1
   202 | D:1      | Found a faded altar of an unknown god.
   232 | D:1      | Reached XP level 2. HP: 26/26 MP: 2/2
   243 | D:1      | Prayed at the altar of an unknown god.
   243 | D:1      | Became a worshipper of Cheibriados the Contemplative
   243 | D:1      | Reached * piety under Cheibriados
   945 | D:2      | Reached XP level 3. HP: 33/33 MP: 3/3
   946 | D:2      | Reached ** piety under Cheibriados
  1256 | D:2      | Reached XP level 4. HP: 36/40 MP: 4/4
  1603 | D:2      | Reached skill level 4 in Fighting
  1752 | D:3      | Killed from afar by an orc priest

Illustrated notes

Levels and vault maps discovered:
D:1:      dpeg_arrival_renting, layout_basic, hellmonk_ecumenical_altar_zigzags
D:2:      minmay_alternating_diamond, layout_loops_ring,
          mrwooster_statue_mirror, minmay_goblin_outpost
D:3:      wad_crossroads, layout_rooms

Skill      XL: |  1  2  3  4 |
---------------+-------------+-----
Dodging        | 3 |  3.2
Fighting       | 4 |  4.0
Polearms       | |  2.7
Shields        | |  3.5

Action                     |  1- 3 |  4- 6 || total
---------------------------+-------+-------++-------
  Melee: Trident           |    72 |    31 ||   103
         Tailslap          |     2 |     1 ||     3
 Armour: Skin              |    26 |    21 ||    47
  Dodge: Dodged            |    26 |    20 ||    46
  Block: Buckler           |     7 |     5 ||    12

Table legend: (Time is in decaauts)
 A = Elapsed time spent in this place.
 B = Non-inter-level travel time spent in this place.
 C = Inter-level travel time spent in this place.
 D = Time resting spent in this place.
 E = Time spent auto-exploring this place.
 F = Levels seen in this place.
 G = Mean time per level.
                   A        B        C        D        E       F      G
               +--------+--------+--------+--------+--------+-----+--------+
         Total |   2367 |   2251 |    116 |      0 |   1960 |   3 |  789.0 |
       Dungeon |   2367 |   2251 |    116 |      0 |   1960 |   3 |  789.0 |
               +--------+--------+--------+--------+--------+-----+--------+

Top non-repeatable levels by time:
     D:2: 1319 daAuts
     D:1: 995 daAuts
     D:3: 52 daAuts
